 Dungeon Sprint DCSS version 0.26-a0-818-g75db068ed4 (webtiles) character file.

Game seed: 1009369419881620771

1698 rocky1 the Frost Mage (level 9, -1/84 HPs)
             Began as a Gargoyle Ice Elementalist on Nov 15, 2020.
             Was an Elder of Sif Muna.
             Slain by a death cob (28 damage)
             ... in the Dungeon (Sprint VII: "The Pits").
             The game lasted 00:08:32 (1135 turns).

rocky1 the Frost Mage (Gargoyle Ice Elementalist)   Turns: 1135, Time: 00:08:32

Health: -1/84      AC: 15    Str: 12    XL:     9   Next: 3%
Magic:  11/21      EV: 14    Int: 19    God:    Sif Muna [****..]
Gold:   0          SH:  0    Dex: 10    Spells: 14/25 levels left

rFire    . . .     SeeInvis .   s - +2 dire flail (protect)
rCold    . . .     Faith    .   (shield currently unavailable)
rNeg     + . .     Spirit   .   a - +0 robe
rPois    ∞         Reflect  .   (no helmet)
rElec    +         Harm     .   (no cloak)
rCorr    .         Rampage  .   (no gloves)
MR       .....     NoTele   +   (no boots)
Stlth    ..........             (no amulet)
HPRegen  0.24/turn              (no ring)
MPRegen  0.17/turn              (no ring)

@: berserking (expiring), protection aura, slowed
A: negative energy resistance 1, electricity resistance, unbreathing,
petrification resistance, rot immunity, AC +6
a: Channel Magic, Forget Spell, Divine Exegesis, Renounce Religion


You were in the Dungeon.
You worshipped Sif Muna.
Sif Muna was greatly pleased with you.
You visited 1 branch

Inventory:

Hand Weapons
 s - a +2 dire flail of protection (weapon)
 t - a +4 quarterstaff of speed
Armour
 a - a +0 robe (worn)
Jewellery
 m - a +3 ring of protection
 p - a +3 ring of dexterity
Scrolls
 i - 3 scrolls of remove curse
 j - 5 scrolls of amnesia
 k - a scroll of summoning
Potions
 b - 2 potions of invisibility
 c - 10 potions of curing
 d - 5 potions of heal wounds
 e - 3 potions of haste
 f - 4 potions of magic
 g - 3 potions of berserk rage
 n - a potion of mutation {unknown}
 q - a potion of brilliance
 r - a potion of resistance


   Skills:
 + Level 6.7 Fighting
 + Level 6.0 Maces & Flails
 + Level 6.5 Armour
 + Level 5.3 Dodging
 - Level 2.1 Stealth
 + Level 8.5 Spellcasting
 + Level 6.7 Conjurations
 + Level 9.8 Ice Magic
 + Level 6.6 Invocations


You had 14 spell levels left.
You knew the following spells:

 Your Spells              Type           Power        Failure   Level
a - Freeze                Ice            ####         1%          1
b - Frozen Ramparts       Ice            #####.       1%          3
c - Ozocubu's Armour      Ice            #####...     1%          3
d - Hailstorm             Conj/Ice       #####...     2%          4

Your spell library contained the following spells:

 Spells                   Type           Power        Failure   Level
 Shock                    Conj/Air       ###.         2%          1
 Stone Arrow              Conj/Erth      ###...       6%          3
 Mephitic Cloud           Conj/Pois/Air  ###.....     11%         3
 Ice Form                 Ice/Tmut       ####....     12%         4
 Summon Ice Beast         Ice/Summ       ####....     12%         4
 Iron Shot                Conj/Erth      ###.......   97%         6
 Orb of Destruction       Conj           ####......   99%         7


Dungeon Overview and Level Annotations

Branches:
Dungeon (1/1)

Altars:
Ashenzari
Cheibriados
Dithmenos
Elyvilon
Fedhas
Gozag
Hepliaklqana
Kikubaaqudgha
Makhleb
Nemelex Xobeh
Okawaru
Qazlal
Ru
Sif Muna
Trog
Uskayaw
Vehumet
Wu Jian
Xom
Yredelemnul
Zin
The Shining One
Beogh
Jiyva
Lugonu


Innate Abilities, Weirdness & Mutations

You are resistant to torment.
Your stone body is resilient. (AC +6)
You are immune to poison.
You resist negative energy. (rN+)
You are resistant to electric shocks. (rElec)
You can survive without breathing.
You are immune to petrification.
You are immune to rotting.


Message History

The death cob closely misses you. x2; The death cob hits you.
The death cob drains your vigour!
You feel as though you will be slow longer.
You hit the death cob.
The death cob is severely damaged.
The death cob barely misses you. x2
You puncture the death cob!
The death cob is severely damaged.
The death cob closely misses you. The death cob barely misses you.
The death cob hits you but does no damage.
You miss the death cob.
The death cob is severely damaged.
The death cob completely misses you. The sea snake barely misses you.
The death cob hits you but does no damage.
You miss the death cob.
The death cob is severely damaged.
The death cob hits you. The death cob drains your vigour!
You feel as though you will be slow longer.
The death cob hits you!!
You die...

..# ..# ###++########## .K#
..........##..# S.#
#..#......##..# ..#
..........''..# ..#
..........''..##########..#
#..#......##..†.@z........#
..........##.....S........#
###++######################
.# .# .# .# .# .#


You could see a death cob and a sea snake.

Vanquished Creatures
  A deep elf mage (D)
  A smoke demon (D)
  A basilisk (D)
  Menkaure (D)
  A water moccasin (D)
  2 floating eyes (D)
  An orc warrior (D)
  An ogre (D)
  An ice beast (D)
  A bullfrog (D)
  A hound (D)
  Jessica (D)
  A hell rat (D)
  An adder (D)
  2 white imps (D)
  An ufetubus (D)
  An ooze (D)
  2 adder zombies (D)
  4 orcs (D)
  A bat (D)
  A goblin (D)
  A hobgoblin (D)
  A rat (D)
29 creatures vanquished.

Notes
Turn   | Place    | Note
-------+----------+-------------------------------------------
     0 | D        | rocky1 the Gargoyle Ice Elementalist began the quest for
                  | the Orb.
     0 | D        | Reached XP level 1. HP: 10/10 MP: 3/3
    17 | D        | Noticed a floating eye
    23 | D        | Killed a floating eye
    24 | D        | Reached skill level 7 in Ice Magic
    24 | D        | Reached XP level 2. HP: 15/15 MP: 1/9
    24 | D        | Reached XP level 3. HP: 19/19 MP: 1/10
    24 | D        | Reached XP level 4. HP: 24/24 MP: 1/12
    28 | D        | Learned a level 3 spell: Frozen Ramparts
    32 | D        | Learned a level 3 spell: Ozocubu's Armour
    37 | D        | Learned a level 4 spell: Hailstorm
    40 | D        | Found a bloodstained altar of Trog.
    40 | D        | Found a shimmering blue altar of Sif Muna.
    40 | D        | Found a viscous altar of Jiyva.
    40 | D        | Found a hazy altar of Hepliaklqana.
    40 | D        | Found an opulent altar of Gozag.
    41 | D        | Found a glowing golden altar of the Shining One.
    41 | D        | Found a glowing silver altar of Zin.
    41 | D        | Found a basalt altar of Yredelemnul.
    41 | D        | Found a shimmering altar of Xom.
    41 | D        | Found an ornate altar of the Wu Jian Council.
    41 | D        | Found a sacrificial altar of Ru.
    41 | D        | Found a stormy altar of Qazlal.
    41 | D        | Found an iron altar of Okawaru.
    41 | D        | Found a sparkling altar of Nemelex Xobeh.
    41 | D        | Found a burning altar of Makhleb.
    41 | D        | Found a blossoming altar of Fedhas.
    41 | D        | Found a white marble altar of Elyvilon.
    41 | D        | Found a shadowy altar of Dithmenos.
    41 | D        | Found a snail-covered altar of Cheibriados.
    43 | D        | Found a radiant altar of Vehumet.
    43 | D        | Found a corrupted altar of Lugonu.
    43 | D        | Found a roughly hewn altar of Beogh.
    44 | D        | Found a hide-covered altar of Uskayaw.
    44 | D        | Found an ancient bone altar of Kikubaaqudgha.
    44 | D        | Found a broken altar of Ashenzari.
    46 | D        | Became a worshipper of Sif Muna the Loreminder
   200 | D        | Reached * piety under Sif Muna
   201 | D        | Noticed a floating eye
   203 | D        | Killed a floating eye
   204 | D        | Reached skill level 8 in Ice Magic
   204 | D        | Reached XP level 5. HP: 31/31 MP: 8/14
   246 | D        | Noticed Jessica
   250 | D        | Reached ** piety under Sif Muna
   250 | D        | Killed Jessica
   251 | D        | Reached XP level 6. HP: 37/37 MP: 8/15
   323 | D        | Noticed an orc warrior
   323 | D        | Noticed a deep elf mage
   330 | D        | Reached *** piety under Sif Muna
   332 | D        | Reached **** piety under Sif Muna
   332 | D        | Killed an orc warrior
   369 | D        | Killed a deep elf mage
   370 | D        | Reached skill level 5 in Fighting
   370 | D        | Reached skill level 5 in Armour
   370 | D        | Reached skill level 5 in Conjurations
   370 | D        | Reached skill level 9 in Ice Magic
   370 | D        | Reached skill level 5 in Invocations
   370 | D        | Reached XP level 7. HP: 24/44 MP: 5/18
   710 | D        | Noticed a basilisk
   713 | D        | Killed a basilisk
   714 | D        | Reached XP level 8. HP: 50/50 MP: 15/19
   835 | D        | Noticed Menkaure
   837 | D        | Reached ***** piety under Sif Muna
   839 | D        | Identified Sif Muna's Compendium of Damaging Snow (Sif Muna
                  | gifted it to you in the Dungeon)
   839 | D        | Received a gift from Sif Muna
   840 | D        | Reached skill level 5 in Maces & Flails
   844 | D        | Killed Menkaure
   959 | D        | Noticed a smoke demon
   986 | D        | Reached skill level 5 in Dodging
   986 | D        | Killed a smoke demon
  1112 | D        | Reached XP level 9. HP: 56/56 MP: 14/21
  1123 | D        | Noticed a sea snake
  1123 | D        | Noticed a death cob
  1123 | D        | Noticed a kobold demonologist
  1135 | D        | Slain by a death cob

Illustrated notes

Levels and vault maps discovered:
D:        pitsprint [storerooms_1, entrance_room_1, metal_vault_1, armoury_2,
          mini_pit_1, grid_room_1, main_hall_1, silver_pit, the_coven_3,
          the_vestibule_1, steel_vault_3, golden_pit, hallway_of_sentries,
          crystal_vault_4, iron_vault_2, final_vault]

Skill      XL: |  1  2  3  4  5  6  7  8 |
---------------+-------------------------+-----
Spellcasting   | 6 7 8 |  8.5
Ice Magic      | 7 8 9 |  9.8
Fighting       | 2 3 5 6 |  6.7
Maces & Flails | 2 4 6 |  6.0
Armour         | 2 5 6 |  6.5
Dodging        | 2 4 5 |  5.3
Conjurations   | 2 3 5 6 |  6.7
Invocations    | 2 5 6 |  6.6
Stealth        | |  2.1

Action                   |  1- 3 |  4- 6 |  7- 9 || total
-------------------------+-------+-------+-------++-------
Melee: Unarmed           |     2 |       |       ||     2
       Mace              |       |    18 |       ||    18
       Flail             |       |     7 |    37 ||    44
       Dire flail        |       |       |     8 ||     8
 Cast: Freeze            |     2 |     2 |       ||     4
       Frozen Ramparts   |       |     5 |     6 ||    11
       Ozocubu's Armour  |       |     2 |     3 ||     5
       Orb of Destructio |       |       |     1 ||     1
Invok: Divine Exegesis   |       |       |     1 ||     1
  Use: Potion            |       |       |     4 ||     4
       Scroll            |       |       |     1 ||     1
Armor: Robe              |       |    10 |    13 ||    23
Dodge: Dodged            |       |    16 |    42 ||    58

Table legend: (Time is in decaauts)
 A = Elapsed time spent in this place.
 B = Non-inter-level travel time spent in this place.
 C = Inter-level travel time spent in this place.
 D = Time resting spent in this place.
 E = Time spent auto-exploring this place.
 F = Levels seen in this place.
 G = Mean time per level.
                   A        B        C        D        E       F      G
               +--------+--------+--------+--------+--------+-----+--------+
         Total |   1147 |   1147 |      0 |    693 |      0 |   1 | 1147.0 |
       Dungeon |   1147 |   1147 |      0 |    693 |      0 |   1 | 1147.0 |
               +--------+--------+--------+--------+--------+-----+--------+

Top non-repeatable levels by time:
       D: 1147 daAuts
